 Dungeon Crawl Stone Soup version 0.23-a0-582-g1b4a0ca (webtiles) character file.

95 Firecrotchwizard the Slasher (level 4, -3/27 HPs)
             Began as a Tengu Gladiator on Dec 17, 2018.
             Killed from afar by an orc wizard (8 damage)
             ... with a magic dart
             ... on level 2 of the Dungeon.
             The game lasted 00:02:08 (2301 turns).

Firecrotchwizard the Slasher (Tengu Gladiator)      Turns: 2301, Time: 00:02:08

Health: -3/27      AC:  3    Str: 15    XL:     4   Next: 65%
Magic:  5/5        EV: 14    Int:  8    God:
Gold:   86         SH:  0    Dex: 16    Spells: 3/3 levels left

rFire    . . .     SeeInvis .   a - +0 long sword
rCold    . . .     Gourm    .   (no shield)
rNeg     . . .     Faith    .   b - +0 leather armour
rPois    .         Spirit   .   c - +0 hat
rElec    .         Reflect  .   (no cloak)
rCorr    .         Harm     .   (no gloves)
MR       .....                  (boots unavailable)
Stlth    +.........             (no amulet)
HPRegen  0.09/turn              (no ring)
MPRegen  0.09/turn              (no ring)

@: no status effects
A: beak, talons 3
a: no special abilities


You were on level 2 of the Dungeon.
You were not hungry.

You visited 1 branch of the dungeon, and saw 3 of its levels.

You collected 86 gold pieces.

Inventory:

Hand Weapons
 a - a +0 long sword (weapon)
 g - a +3 dagger
   (You found it on level 1 of the Dungeon)
Missiles
 d - 3 throwing nets {=f, !d}
Armour
 b - a +0 leather armour (worn)
 c - a +0 hat (worn)
Scrolls
 e - 2 scrolls of enchant weapon {unknown}
 i - a scroll of teleportation {unknown}
 l - a scroll of remove curse {unknown}
Potions
 h - a potion of berserk rage {unknown}
 j - a potion of magic {unknown}
 k - 2 potions of brilliance {unknown}
Comestibles
 f - 4 rations
 m - a chunk of flesh {@w0}


   Skills:
 + Level 2.8 Fighting
 * Level 4.7 Long Blades
 - Level 2.0 Throwing
 + Level 4.0 Dodging


You had 3 spell levels left.
You didn't know any spells.
Your spell library was empty.

Dungeon Overview and Level Annotations

Branches:
Dungeon (3/15)

Altars:

Annotations:
D:2 1 runed door


Innate Abilities, Weirdness & Mutations

You have a beak for a mouth.
You have claws for feet.


Message History

A goblin is nearby!
The goblin closely misses you.
You slash the goblin!
You kill the goblin!
No target in view!
You open the door.
There is an open door here.
You see here 12 poisoned needles.
Found a stone staircase leading down and a stone staircase leading up.
f - 4 rations (gained 1) All of the chunks of flesh in your inventory have rotted away.
You are feeling hungry.
No target in view!
You may need something to eat soon, looking for food.
Can't find anything matching that.
Sorry, you're not good enough to have a special ability.
There is a stone staircase leading down here.
There is a stone staircase leading up here.
Partly explored, unopened runed door.
(D) Dungeon
Where to? (Enter - D:2, ? - help)
You are feeling very hungry.
(D) Dungeon
Where to? (Enter - D:3, ? - help)
There is a stone staircase leading down here.
You climb downwards.
An adder comes into view.
Found a smoky sapphire potion.
Found a stone staircase leading down.
There is a stone staircase leading up here.
An adder is nearby!
The helpless adder fails to defend itself.
You slash the adder! The adder closely misses you.
You barely miss the adder. You claw the adder.
You kill the adder!
No target in view!
You may need something to eat soon, looking for food.
Can't find anything matching that.
Sorry, you're not good enough to have a special ability.
You butcher the adder corpse.
m - 2 chunks of flesh {@w0} You see here an adder skeleton. x2
Eating one of 2 chunks of flesh {@w0}.
You eat one of the 2 chunks of flesh {@w0}.
An orc wizard comes into view. It is wielding a +0 dagger.
The orc wizard shouts!
You hear a shout!
You see here a smoky sapphire potion.
An orc wizard is nearby!
k - 2 smoky sapphire potions (gained 1)
An orc wizard comes into view. It is wielding a +0 dagger.
The orc wizard gestures wildly while chanting.
The orc wizard flickers and vanishes!
Deactivating autopickup; reactivate with Ctrl-A. 2 orcs come into view.
An orc is wielding a +2 trident of venom.
The orc shouts!
An orc comes into view.
The orc moves out of view.
The orc shouts!
You hit the orc wizard. Your kick misses the orc wizard.
The orc wizard hits you but does no damage.
The orc shouts!
You hit the orc wizard. Your kick misses the orc wizard.
The orc wizard completely misses you.
A rat comes into view.
The orc wizard gestures at you while chanting.
You resist with some effort.
You hit the orc wizard but do no damage.
The orc wizard hits you with a +0 dagger.
You take 2 damage, and have 25/27 hp.
You hit the orc wizard but do no damage.
You claw the orc wizard! Something hits you.
The orc wizard hits you with a +0 dagger.
You take 2 damage, and have 23/27 hp.
You hit the orc wizard.
You kill the orc wizard!
Your Dodging skill increases to level 4!
The orc closely misses you.
You hear some strange, mumbled words.
A puff of flame appears from out of thin air!
The puff of flame hits you! Something hits you.
You take 12 damage, and have 11/27 hp.
MASSIVE DAMAGE!!
The orc closely misses you.
There is a stone staircase leading up here.
Something hits you.
* * * LOW HITPOINT WARNING * * *
You climb upwards.
Level annotation: 1 runed door Reactivating autopickup.
There is a stone staircase leading down here.
You take 6 damage, and have 6/27 hp.
MASSIVE DAMAGE!!
Something hits you.
* * * LOW HITPOINT WARNING * * *
Deactivating autopickup; reactivate with Ctrl-A.
You take 1 damage, and have 5/27 hp.
You hear some strange, mumbled words.
A magic dart appears from out of thin air!
The magic dart hits you!
You die...

### ######.#.###....#
#.# #.##.#.#.#####'##
#.# #.##.#.#.##......
#.# ####.#....#.##......
#.# #.........#.##(.....
#.# #.##.####.#.........
#.# #........<#..#......
#.######.####.#..#######
#......@................
#......^......##.#######
##...............# #..
############.#### #..
#.# #.. #.# #.. #.# #..
#.# #.. #.# ##.


There were no monsters in sight!

Vanquished Creatures
  An orc wizard (D:3)
  2 adders
  An ooze (D:2)
  2 worms (D:2)
  3 dart slugs
  A leopard gecko (D:2)
  2 giant cockroaches (D:2)
  3 goblins
  3 hobgoblins
  3 jackals (D:1)
  5 bats
  A frilled lizard (D:2)
  5 kobolds (D:2)
  4 rats
36 creatures vanquished.

Notes
Turn   | Place    | Note
-------+----------+-------------------------------------------
     0 | D:1      | Firecrotchwizard the Tengu Gladiator began the quest for
                  | the Orb.
     0 | D:1      | Reached XP level 1. HP: 12/12 MP: 2/2
    53 | D:1      | HP: 2/12 [hobgoblin/+0 club (5)]
   484 | D:1      | Reached XP level 2. HP: 10/17 MP: 3/3
  1282 | D:2      | Reached skill level 4 in Long Blades
  1282 | D:2      | Reached XP level 3. HP: 22/22 MP: 4/4
  1440 | D:2      | Found a faded altar of an unknown god.
  1903 | D:2      | Reached XP level 4. HP: 27/27 MP: 5/5
  1980 | D:2      | Found a runed door.
  2292 | D:3      | Reached skill level 4 in Dodging
  2298 | D:3      | HP: 6/27 [something (6)]
  2301 | D:2      | Killed from afar by an orc wizard

Vault maps used:
D:1:      lightli_arrival_chessboard, st_stairs_1, due_unseen_surprise
D:2:      chequers_ecumenical_altar_island, uniq_crazy_yiuf_cottage

Skill      XL: |  1  2  3  4 |
---------------+-------------+-----
Long Blades    | 4 |  4.7
Dodging        | 4 |  4.0
Fighting       | |  2.8
Throwing       | |  2.0

Action                   |  1- 3 |  4- 6 || total
-------------------------+-------+-------++-------
Melee: Dagger            |     6 |       ||     6
       Long sword        |    69 |     8 ||    77
       Peck              |    12 |       ||    12
       Kick              |    18 |     2 ||    20
 Stab: Sleeping          |       |     1 ||     1
  Eat: Chunk             |     3 |     1 ||     4
Armor: Leather armour    |    31 |       ||    31
Dodge: Dodged            |    81 |     5 ||    86
       Rpst.: Long sword |    20 |       ||    20

Table legend:
 A = Non-vault XP
 B = Vault XP
 C = Vault XP percentage of total XP
 D = Non-vault monster count
 E = Vault monster count
 F = Vault count percentage of total count
                 A         B        C        D         E       F
            +---------+---------+-------+---------+---------+-------
      Total |     134 |       2 |   1.5 |      35 |       1 |   2.8
            +---------+---------+-------+---------+---------+-------
        D:1 |      19 |       2 |   9.5 |      10 |       1 |   9.1
        D:2 |      66 |       0 |   0.0 |      23 |       0 |   0.0
        D:3 |      49 |       0 |   0.0 |       2 |       0 |   0.0
            +---------+---------+-------+---------+---------+-------

Vault maps used:
D:1:      lightli_arrival_chessboard, st_stairs_1, due_unseen_surprise
D:2:      chequers_ecumenical_altar_island, uniq_crazy_yiuf_cottage

Table legend:
 A = Turns spent in this place as a percentage of turns spent in the entire game.
 B = Non-inter-level travel turns spent in this place as a percentage of non-inter-level travel turns spent in the entire game.
 C = Inter-level travel turns spent in this place as a percentage of turns spent in this place.
 D = Turns resting spent in this place as a percentage of non-inter-level travel turns spent in this place.
 E = Turns spent auto-exploring this place as a percentage of non-inter-level travel turns spent in this place.
 F = Non-inter-level travel turns spent in this place divided by the number of levels of this place that you've seen.
                   A       B       C       D       E      F
               +-------+-------+-------+-------+-------+----------------------
         Total | 100.0 | 100.0 |   4.8 |  38.8 |  51.0 | 730.3
       Dungeon | 100.0 | 100.0 |   4.8 |  38.8 |  51.0 | 730.3
               +-------+-------+-------+-------+-------+----------------------

Table legend:
 A = Kills in this place as a percentage of kills in entire the game.
 B = Kills by you in this place as a percentage of kills by you in the entire game.
 C = Kills by friends in this place as a percentage of kills by friends in the entire game.
 D = Other kills in this place as a percentage of other kills in the entire game.
 E = Experience gained in this place as a percentage of experience gained in the entire game.
 F = Experience gained in this place divided by the number of levels of this place that you have seen.
                   A       B       C       D       E      F
               +-------+-------+-------+-------+-------+----------------------
         Total | 100.0 | 100.0 |   N/A |   N/A | 100.0 |  45.3
       Dungeon | 100.0 | 100.0 |   N/A |   N/A | 100.0 |  45.3
               +-------+-------+-------+-------+-------+----------------------
